AoeStats
← Call_For_HD

Highland

506495870Analyzed
3v3 RM · 20d ago on Sep 13, 2026· 56m 32s· 6 players
Game mode
Random Map
Map size
Normal (6 player)
Population
200
Speed
Normal
Resources
Standard
Victory
Conquest
Starting age
Dark Age
Ending age
Imperial Age
RankedLock teamsTeams togetherTeam positionsShared explorationLock speedFull tech treeHidden civsTurbo modeCheats
Victory
Defeat
🇪🇪 Ethiopians · Estonia
1093
+9
🇪🇪 Franks · Estonia
981
+13
872
+16
🇬🇧 Byzantines · United Kingdom
924
-35
🇪🇸 Koreans · Spain
913
-13
🇨🇦 Poles · Canada
887
-12
Call_For_HD
13:49 Feudal Age
16:59 Wheelbarrow
23:48 Castle Age
25:26 Crossbowman
27:42 Hand Cart
29:01 Crossbowman
29:47 Thumb Ring
34:48 Fishing Lines
39:27 Imperial Age
44:38 Conscription
53:51 Chemistry
52:43 Guard Tower
TitaN
11:45 Feudal Age
15:09 Loom
19:30 Castle Age
19:01 Double-Bit Axe
19:00 Horse Collar
24:12 Heavy Plow
25:42 Bow Saw
27:20 Wheelbarrow
26:43 Stone Mining
30:05 Gold Mining
31:20 Hand Cart
30:51 Elite Skirmisher
30:57 Crossbowman
31:42 Squires
31:30 Gambesons
35:12 Imperial Age
33:20 Forging
33:11 Scale Mail Armor
33:01 Fletching
33:35 Ballistics
34:12 Caravan
34:38 Town Watch
35:30 Thumb Ring
36:28 Eupseong
37:46 Chemistry
36:10 Arbalester
36:14 Elite Fire Lancer
37:46 Gold Shaft Mining
38:22 Bodkin Arrow
38:43 Chain Mail Armor
38:56 Fortified Wall
41:02 Two-Man Saw
42:07 Bracer
42:38 Plate Mail Armor
44:02 Arson
44:27 Pikeman
46:20 Halberdier
49:50 Iron Casting
Le$bean
2:54 Loom
16:20 Feudal Age
18:26 Double-Bit Axe
18:22 Horse Collar
26:20 Castle Age
29:22 Bow Saw
29:14 Heavy Plow
34:23 Fortified Wall
35:49 Masonry
36:14 Scale Barding Armor
36:22 Forging
39:55 Imperial Age
38:04 Wheelbarrow
37:17 Town Watch
37:43 Caravan
38:50 Chain Barding Armor
39:06 Iron Casting
38:45 Bloodlines
38:45 Husbandry
38:07 Light Cavalry
39:58 Cavalier
39:59 Winged Hussar
40:54 Szlachta Privileges
41:13 Conscription
42:36 Blast Furnace
45:45 Lechitic Legacy
Carmolis
11:24 Feudal Age
12:43 Double-Bit Axe
12:40 Horse Collar
16:43 Castle Age
18:42 Wheelbarrow
18:22 Bow Saw
18:14 Heavy Plow
18:07 Gold Mining
19:54 Hand Cart
20:46 Loom
28:24 Imperial Age
25:42 Town Watch
27:24 Stone Mining
28:10 Gold Shaft Mining
29:47 Stone Shaft Mining
29:15 Town Patrol
30:16 Heavy Scorpion
31:40 Forging
31:30 Scale Mail Armor
31:21 Fletching
32:39 Chemistry
32:00 Ballistics
32:41 Squires
32:27 Arson
32:02 Halberdier
33:46 Chain Mail Armor
34:06 Iron Casting
33:42 Siege Engineers
33:55 Masonry
33:42 Murder Holes
34:33 Conscription
34:52 Torsion Engines
37:09 Blast Furnace
36:39 Plate Mail Armor
36:05 Bodkin Arrow
Larry Fine
12:36 Feudal Age
17:20 Castle Age
15:34 Double-Bit Axe
26:57 Gold Mining
30:30 Imperial Age
29:05 Scale Barding Armor
29:11 Forging
31:02 Husbandry
30:34 Cavalier
32:10 Wheelbarrow
32:18 Gold Shaft Mining
35:13 Hand Cart
34:52 Paladin
36:03 Chain Barding Armor
41:39 Stone Mining
50:26 Chivalry
50:46 Conscription
.obey† .FourDoorsMoreWhores
12:57 Feudal Age
11:29 Loom
13:53 Horse Collar
14:00 Double-Bit Axe
19:13 Castle Age
36:01 Imperial Age
33:55 Caravan
34:20 Bow Saw
34:13 Heavy Plow
36:30 Elite Janissary
37:39 Artillery
39:00 Heavy Camel Rider
39:53 Bloodlines
40:22 Sipahi
41:25 Husbandry
41:37 Scale Barding Armor
41:43 Forging
41:24 Fletching
41:52 Heated Shot
45:07 Arrowslits
Connection lost

Rejoining the realm…

Still unreachable

The connection could not be restored.

Session expired

The server has moved on; the page needs a fresh start.